 Dungeon Crawl Stone Soup version 0.23-a0-402-g64599a1 (webtiles) character file.

613 RonnieColeman the Thaumaturge (level 7, 0/36 HPs)
             Began as a Deep Elf Conjurer on Nov 3, 2018.
             Slain by a jackal (3 damage)
             ... on level 4 of the Dungeon.
             The game lasted 00:12:04 (4264 turns).

RonnieColeman the Thaumaturge (Deep Elf Conjurer)   Turns: 4264, Time: 00:12:04

Health: 0/36       AC:  3    Str:  5    XL:     7   Next: 20%
Magic:  21/21      EV: 13    Int: 22    God:
Gold:   139        SH:  0    Dex: 15    Spells: 18/23 levels left

rFire    . . .     SeeInvis .   k - +0 short sword (elec)
rCold    . . .     Gourm    .   (no shield)
rNeg     . . .     Faith    .   a - +0 robe
rPois    .         Spirit   .   (no helmet)
rElec    .         Reflect  .   q - +0 cloak
rCorr    .         Harm     .   (no gloves)
MR       .....                  (no boots)
Stlth    ++........             (no amulet)
HPRegen  0.12/turn              (no ring)
MPRegen  0.17/turn              (no ring)

@: no status effects
A: no striking features
a: no special abilities


You were on level 4 of the Dungeon.
You were hungry.

You visited 1 branch of the dungeon, and saw 4 of its levels.
You also visited: Sewer.

You collected 139 gold pieces.

Inventory:

Hand Weapons
 b - a +0 dagger
 e - a +0 spear
 k - a +0 short sword of electrocution (weapon)
 r - a +0 mace of protection
Armour
 a - a +0 robe (worn)
 q - a +0 cloak (worn)
Scrolls
 d - 5 scrolls of identify
 g - a scroll of fear
 n - a scroll of noise {unknown}
 o - 2 scrolls of teleportation {unknown}
 s - 2 scrolls of blinking {unknown}
 t - a scroll of remove curse
Potions
 f - a potion of ambrosia {unknown}
 h - a potion of brilliance {unknown}
 i - a potion of cancellation {unknown}
 j - 3 potions of haste {unknown}
 l - a potion of lignification {unknown}
 m - a potion of invisibility {unknown}
 p - a potion of curing {unknown}
Comestibles
 c - 6 rations


   Skills:
 - Level 2.4 Dodging
 - Level 2.4 Stealth
 * Level 8.9 Spellcasting
 + Level 6.5 Conjurations


You had 18 spell levels left.
You knew the following spells:

 Your Spells              Type           Power        Failure   Level  Hunger
a - Magic Dart            Conj           ####         1%          1    None
c - Iskenderun's Mystic   Conj           #####...     4%          4    ##.....

Your spell library contained the following spells:

 Spells                   Type           Power        Failure   Level  Hunger
 Searing Ray              Conj           #####.       1%          2    None
 Dazzling Spray           Conj/Hex       ###...       5%          3    None
 Force Lance              Conj/Tloc      ###.....     17%         4    ##.....
 Fulminant Prism          Conj/Hex       ###.......   17%         4    ##.....


Dungeon Overview and Level Annotations

Branches:
Dungeon (4/15)
 Temple: D:4-7

Altars:
Ashenzari
Dithmenos
Nemelex Xobeh
Trog
Xom

Annotations:
D:4 1 runed door, Cryolive's ghost, amateur GrEE; Sigmund


Message History

Deactivating autopickup; reactivate with Ctrl-A.
You start resting.
Something hits you! Something hits you.
A goblin comes into view. It is wielding a +0 hunting sling.
A magic dart appears from out of thin air!
The magic dart hits you!
* * * LOW HITPOINT WARNING * * *
A puff of flame appears from out of thin air!
The puff of flame hits you!
* * * LOW HITPOINT WARNING * * *
You open the gate.
A jackal comes into view.
The jackal barks!
You hear a shout!
You hear a bark!
There is an open gate here.
A jackal and 2 goblins come into view.
The goblin shouts!
The jackal closely misses you. The jackal misses you. The jackal bites you.
You die...

#.# #.####
##....###
###≈≈...≈≈###
#≈≈≈≈...≈≈≈≈#
≈≈≈≈≈##'''##≈≈≈#
≈≈≈≈≈#.....# ≈≈#
.....#....h# .#
...g #....@# .##
#..h..# #...gg#
#.....# #.....#
#.....# .......
........


You could see 2 jackals and 2 goblins.

Vanquished Creatures
  2 bullfrogs (Sewer)
  A howler monkey (D:4)
  2 bullfrog skeletons (D:4)
  An orc priest (D:4)
  An orc wizard (D:4)
  Jessica (D:2)
  A worker ant (D:4)
  A hound skeleton (D:2)
  Robin (D:3)
  9 adders
  14 oozes
  A worm (D:2)
  3 dart slugs
  6 leopard geckos
  11 orcs
  7 bats
  9 giant cockroaches
  6 hobgoblins
  5 kobolds
  8 ball pythons
  11 frilled lizards
  11 goblins
  5 rats
117 creatures vanquished.

Notes
Turn   | Place    | Note
-------+----------+-------------------------------------------
     0 | D:1      | RonnieColeman the Deep Elf Conjurer began the quest for the
                  | Orb.
     0 | D:1      | Reached XP level 1. HP: 10/10 MP: 6/6
   304 | D:1      | Reached XP level 2. HP: 4/15 MP: 2/8
   815 | D:1      | Reached skill level 4 in Spellcasting
  1144 | D:2      | Noticed Jessica
  1146 | D:2      | Killed Jessica
  1146 | D:2      | Reached XP level 3. HP: 16/19 MP: 8/11
  1316 | D:2      | Reached skill level 5 in Spellcasting
  1482 | D:2      | Reached skill level 5 in Conjurations
  1482 | D:2      | Reached XP level 4. HP: 24/24 MP: 4/13
  1658 | D:3      | Learned a level 4 spell: Iskenderun's Mystic Blast
  1702 | D:3      | Found a shattered altar of Ashenzari.
  1702 | D:3      | Found a shimmering altar of Xom.
  1713 | D:3      | Found a shadowy altar of Dithmenos.
  1742 | D:3      | Noticed Robin
  1748 | D:3      | Killed Robin
  2159 | D:3      | Reached skill level 6 in Spellcasting
  2245 | D:3      | Reached XP level 5. HP: 28/28 MP: 9/15
  2593 | D:3      | Found a sparkling altar of Nemelex Xobeh.
  3123 | D:4      | Found a bloodstained altar of Trog.
  3263 | D:4      | Found a glowing drain.
  3277 | Sewer    | Entered a sewer
  3350 | Sewer    | Reached skill level 7 in Spellcasting
  3535 | Sewer    | Reached XP level 6. HP: 32/32 MP: 12/18
  3884 | Sewer    | Reached skill level 8 in Spellcasting
  4064 | D:4      | Reached XP level 7. HP: 26/36 MP: 15/21
  4082 | D:4      | Found a runed door.
  4087 | D:4      | Noticed Cryolive's ghost (amateur GrEE)
  4221 | D:4      | Noticed Sigmund
  4264 | D:4      | Slain by a jackal

Vault maps used:
D:1:      psy_arrival_conway
D:2:      uniq_jessica
D:3:      grunt_dithmenos_smoke_and_mirrors, gammafunk_temple_overflow_elements,
          lemuel_doored_altar, first_ration, uniq_robin
D:4:      kennysheep_goblin_castle, ebering_ghost_sewer_d, portal_sewer_entry_d,
          bloody_trog, uniq_sigmund, uniq_pikel
Sewer:    sewer_frog_island_02

Skill      XL: |  1  2  3  4  5  6 |
---------------+-------------------+-----
Spellcasting   | 4 5 6 7 8 |  8.9
Conjurations   | 5 6 |  6.5
Dodging        | |  2.4
Stealth        | |  2.4

Action                   |  1- 3 |  4- 6 |  7- 9 || total
-------------------------+-------+-------+-------++-------
Melee: Dagger            |     5 |       |       ||     5
       Unarmed           |     2 |       |       ||     2
       Spear             |    61 |     9 |       ||    70
       Short sword       |       |    26 |     2 ||    28
 Cast: Magic Dart        |    45 |   182 |    20 ||   247
       Iskenderun's Myst |       |     5 |       ||     5
  Use: Scroll            |       |     3 |       ||     3
       Potion            |       |     1 |       ||     1
 Stab: Sleeping          |     6 |       |       ||     6
  Eat: Chunk             |     2 |     8 |       ||    10
Armor: Robe              |    14 |     9 |       ||    23
Dodge: Dodged            |    43 |    51 |     6 ||   100

Table legend:
 A = Non-vault XP
 B = Vault XP
 C = Vault XP percentage of total XP
 D = Non-vault monster count
 E = Vault monster count
 F = Vault count percentage of total count
                 A         B        C        D         E       F
            +---------+---------+-------+---------+---------+-------
      Total |     446 |     430 |  49.1 |      61 |      56 |  47.9
            +---------+---------+-------+---------+---------+-------
        D:1 |      30 |       0 |   0.0 |      18 |       0 |   0.0
        D:2 |      39 |      39 |  50.0 |      12 |       2 |  14.3
        D:3 |     101 |      27 |  21.1 |      18 |       7 |  28.0
        D:4 |     276 |      13 |   4.5 |      13 |       1 |   7.1
      Sewer |       0 |     351 | 100.0 |       0 |      46 | 100.0
            +---------+---------+-------+---------+---------+-------
